 Dungeon Crawl Stone Soup version 0.23.2-1-ga50397a6bc (webtiles) character file.

Game seed: 7841776054381115614

56 Eurus the Insei (level 3, 0/26 HPs)
             Began as a Demonspawn Transmuter on May 24, 2019.
             Succumbed to an adder's poison
             ... on level 2 of the Dungeon.
             The game lasted 00:03:42 (1429 turns).

Eurus the Insei (Demonspawn Transmuter)             Turns: 1429, Time: 00:03:43

Health: 0/26       AC:  3    Str: 10    XL:     3   Next: 69%
Magic:  6/6        EV: 12    Int: 14    God:
Gold:   159        SH:  0    Dex: 14    Spells: 5/6 levels left

rFire    . . .     SeeInvis .     - Unarmed
rCold    . . .     Gourm    .   (no shield)
rNeg     . . .     Faith    .   b - +0 robe
rPois    .         Spirit   .   (no helmet)
rElec    .         Reflect  .   (no cloak)
rCorr    .         Harm     .   g - +0 pair of gloves
MR       .....                  (no boots)
Stlth    +.........             (no amulet)
HPRegen  0.08/turn              (no ring)
MPRegen  0.10/turn              (no ring)

@: lethally poisoned (0 -> -9), very slightly contaminated
A: talons 2
a: no special abilities


You were on level 2 of the Dungeon.
You were hungry.

You visited 1 branch of the dungeon, and saw 2 of its levels.

You collected 159 gold pieces.

Inventory:

Missiles
 a - 12 arrows
Armour
 b - a +0 robe (worn)
 g - a +0 pair of gloves (worn)
Jewellery
 k - an uncursed ring of fire {unknown}
Scrolls
 e - 3 scrolls of identify {unknown}
 f - a scroll of fog {unknown}
 j - 2 scrolls of remove curse {unknown}
 l - a scroll of enchant armour {unknown}
 q - a scroll of amnesia {unknown}
Potions
 c - 2 potions of might {unknown}
 h - a potion of agility {unknown}
 i - 2 potions of lignification {unknown}
 m - 2 potions of heal wounds {unknown}
 n - a potion of curing {unknown}
 o - a potion of degeneration {unknown}
 p - a potion of ambrosia {unknown}
Comestibles
 d - 3 rations


   Skills:
 + Level 1.4 Fighting
 + Level 2.2 Dodging
 + Level 3.4 Unarmed Combat
 + Level 2.3 Spellcasting
 + Level 2.2 Transmutations


You had 5 spell levels left.
You knew the following spells:

 Your Spells              Type           Power        Failure   Level  Hunger
a - Beastly Appendage     Tmut           #.....       10%         1    #......

Your spell library contained the following spells:

 Spells                   Type           Power        Failure   Level  Hunger
 Sticks to Snakes         Tmut           #.......     14%         2    ###....
 Spider Form              Tmut/Pois      #.........   41%         3    ###....
 Ice Form                 Ice/Tmut       #.......     82%         4    #####..
 Blade Hands              Tmut           #.........   95%         5    ######.


Dungeon Overview and Level Annotations

Branches:
Dungeon (2/15)

Altars:

Annotations:
D:1 exclusion: 2 doors


Innate Abilities, Weirdness & Mutations

You have razor-sharp toenails.


Message History

* * * LOW HITPOINT WARNING * * *
You are more poisoned.
The adder poisons you!
You barely miss the adder.
The adder is almost dead.
* * * LOW HITPOINT WARNING * * *
You feel sick. The adder misses you.
You barely miss the adder.
The adder is almost dead.
* * * LOW HITPOINT WARNING * * *
You feel sick. The adder barely misses you.
You closely miss the adder. Your kick misses the adder.
The adder is almost dead.
* * * LOW HITPOINT WARNING * * *
You feel sick. The adder closely misses you.
You hit the adder.
You kill the adder!
* * * LOW HITPOINT WARNING * * *
You feel sick.
You die...

#.# #..# #.# ##.##
......# #.# #..# .....
#.# ##.## ..... ###.####
#..# ... .......# ##.#
..< ##.###.# #.# #'#
#.###.# #.## #.#
#.#...####..# #@#
##.#.#.......# #.#
.....(..(....###.#
..............##.########
............#.##........#
..(.........#..#........#
..<.........##.#........#
..####......##.#........#
######......##.#........#


There were no monsters in sight!

Vanquished Creatures
  A gnoll (D:1)
  An adder (D:2)
  2 worms (D:2)
  A dart slug (D:1)
  5 goblins
  3 hobgoblins
  4 jackals (D:1)
  A quokka (D:2)
  2 bats (D:1)
  3 frilled lizards (D:1)
  5 kobolds
28 creatures vanquished.

Notes
Turn   | Place    | Note
-------+----------+-------------------------------------------
     0 | D:1      | Eurus the Demonspawn Transmuter began the quest for the
                  | Orb.
     0 | D:1      | Reached XP level 1. HP: 15/15 MP: 3/3
   195 | D:1      | Reached skill level 3 in Unarmed Combat
   200 | D:1      | Gained mutation: You have sharp toenails. [demonic
                  | ancestry]
   200 | D:1      | Reached XP level 2. HP: 20/21 MP: 3/5
   979 | D:2      | Gained mutation: You have razor-sharp toenails. [demonic
                  | ancestry]
   979 | D:2      | Reached XP level 3. HP: 26/26 MP: 4/6
  1428 | D:2      | HP: 1/26 [poisoned by an adder]
  1429 | D:2      | Succumbed to an adder's poison

Skill      XL: |  1  2 |
---------------+-------+-----
Unarmed Combat | 3 |  3.4
Dodging        | 2 |  2.2
Transmutations | 2 |  2.2
Fighting       | |  1.4
Spellcasting   | |  2.3

Action                   || total
-------------------------++-------
Melee: Unarmed           ||    94
       Headbutt          ||     4
       Kick              ||    11
       Punch             ||     1
 Cast: Beastly Appendage ||    12
  Eat: Chunk             ||     1
Armor: Robe              ||    13
Dodge: Dodged            ||    58
